 Dungeon Crawl Stone Soup version 0.32-a0-43-g058985b245 (webtiles) character file.

Game seed: 2339025482139533867

9 Atlas the Firebug (level 2, -1/19 HPs)
             Began as a Demonspawn Fire Elementalist on Feb 4, 2024.
             Slain by a rat (2 damage)
             ... on level 1 of the Dungeon.
             The game lasted 00:01:19 (504 turns).

Atlas the Firebug (Demonspawn Fire Elementalist)     Turns: 504, Time: 00:01:19

Health: -1/19      AC:  2    Str:  8    XL:     2   Next: 6%
Magic:  5/5        EV: 12    Int: 15    God:
Gold:   18         SH:  0    Dex: 13    Spells: 4/5 levels left

rFire   . . .        (no weapon)
rCold   . . .        (no shield)
rNeg    . . .        a - +0 robe
rPois   .            (no helmet)
rElec   .            (no cloak)
rCorr   .            (no gloves)
SInv    .            (no boots)
Will    .....        (no amulet)
Stlth   ++           (no ring)
HPRegen 0.23/turn    (no ring)
MPRegen 0.09/turn

%: no passive effects
@: no status effects
A: weakness stinger 1
a: no special abilities


You were on level 1 of the Dungeon.
You visited 1 branch of the dungeon, and saw 1 of its levels.

You collected 18 gold pieces.

Inventory:

Armour
 a - a +0 robe (worn)
Scrolls
 c - 3 scrolls of butterflies {unknown}
 d - a scroll of amnesia {unknown}
 e - a scroll of fog {unknown}
Potions
 b - a potion of magic


   Skills:
 + Level 1.8 Dodging
 + Level 1.9 Stealth
 + Level 2.1 Spellcasting
 + Level 1.0 Conjurations
 + Level 3.0 Fire Magic


You had 4 spell levels left.
You knew the following spells:

 Your Spells              Type           Power      Damage    Failure   Level
a - Foxfire               Conj/Fire      28%        2x1d5     10%         1

Your spell library contained the following spells:

 Spells                   Type           Power      Damage    Failure   Level
 Scorch                   Fire           20%        2d5       10%         2
 Inner Flame              Hex/Fire       6%         N/A       34%         3
 Volatile Blastmotes      Fire/Tloc      12%        2d11      34%         3
 Flame Wave               Conj/Fire      7%         2d5       67%         4


Dungeon Overview and Level Annotations

Branches:
Dungeon (1/15)

Altars:


Innate Abilities, Weirdness & Mutations

You have a small tail.


Message History

The rat misses you. The bat hits you but does no damage.
The rat closely misses you. The rat bites you but does no damage.
The bat hits you but does no damage. The bat barely misses you.
The bat hits you but does no damage. The rat bites you.
The bat hits you but does no damage. The bat closely misses you.
The rat closely misses you. The bat hits you but does no damage.
The rat bites you. The rat bites you. The bat closely misses you.
The bat hits you. The rat closely misses you.
The bat hits you but does no damage. The bat hits you but does no damage.
The rat closely misses you. The bat hits you.
The bat hits you but does no damage. The rat bites you.
The bat closely misses you. The rat closely misses you.
The bat barely misses you. The rat bites you but does no damage.
The bat hits you. The rat barely misses you. The bat misses you.
The rat closely misses you. The rat closely misses you.
The bat hits you but does no damage. The rat bites you.
The bat hits you but does no damage. The rat barely misses you.
The rat bites you.
* * * LOW HITPOINT WARNING * * *
The bat closely misses you. The bat misses you. The bat closely misses you.
The rat bites you.
* * * LOW HITPOINT WARNING * * *
The bat closely misses you. The rat bites you but does no damage.
The rat barely misses you. The bat barely misses you.
The bat barely misses you. The bat misses you. The rat bites you.
* * * LOW HITPOINT WARNING * * *
The bat hits you but does no damage. The rat bites you.
* * * LOW HITPOINT WARNING * * *
The rat closely misses you. The bat hits you but does no damage.
The bat closely misses you. The rat completely misses you. The rat bites you.
* * * LOW HITPOINT WARNING * * *
The bat closely misses you. The bat hits you but does no damage.
The rat bites you.
You die...

################
#..............#
#r############.#
#@# #.# #.# #.#
#b# #.# #.# #.#
#.# #.# #.#
####.# ###
##.##.#
##_...####=..#.#
..........?)#


You could see a bat and a rat.

Vanquished Creatures
  A dart slug (D:1)
  An endoplasm (D:1)
  2 hobgoblins (D:1)
  A kobold (D:1)
  2 rats (D:1)
7 creatures vanquished.

Vanquished Creatures (collateral kills)
  2 foxfires (D:1)
2 creatures vanquished.

Vanquished Creatures (others)
  25 foxfires (D:1)
25 creatures vanquished.

Grand Total: 34 creatures vanquished

Notes
Turn   | Place    | Note
-------+----------+-------------------------------------------
     0 | D:1      | Atlas the Demonspawn Fire Elementalist began the quest for
                  | the Orb.
     0 | D:1      | Reached XP level 1. HP: 13/13 MP: 3/3
     3 | D:1      | Noticed an electric eel
     4 | D:1      | Noticed an electric eel
   317 | D:1      | Reached skill level 3 in Fire Magic
   317 | D:1      | Discovered your monstrous ancestry.
   317 | D:1      | Gained mutation: You have a small tail. [demonic ancestry]
   317 | D:1      | Reached XP level 2. HP: 19/19 MP: 0/5
   466 | D:1      | Found a faded altar of an unknown god.
   504 | D:1      | Slain by a rat

Illustrated notes

Levels and vault maps discovered:
D:1:      arrival_aquarium_b, layout_loops_ring, ebering_ecumenical_altar_rust,
          st_stairs_4, dreamdust_princess_bridge

Skill      XL: |  1 |
---------------+----+-----
Fire Magic     | 3 |  3.0
Dodging        | |  1.8
Stealth        | |  1.9
Spellcasting   | |  2.1
Conjurations   | |  1.0

Action                     || total
---------------------------++-------
  Melee: Unarmed           ||    16
   Cast: Foxfire           ||    16
 Armour: Robe              ||    48
  Dodge: Dodged            ||    67

Table legend: (Time is in decaauts)
 A = Elapsed time spent in this place.
 B = Non-inter-level travel time spent in this place.
 C = Inter-level travel time spent in this place.
 D = Time resting spent in this place.
 E = Time spent auto-exploring this place.
 F = Levels seen in this place.
 G = Mean time per level.
                   A        B        C        D        E       F      G
               +--------+--------+--------+--------+--------+-----+--------+
         Total |    504 |    504 |      0 |      0 |    324 |   1 |  504.0 |
       Dungeon |    504 |    504 |      0 |      0 |    324 |   1 |  504.0 |
               +--------+--------+--------+--------+--------+-----+--------+

Top non-repeatable levels by time:
     D:1: 504 daAuts
